 Dungeon Crawl Stone Soup version 0.32-a0-996-gb3226c233f (webtiles) character file.

Game seed: 17313077201758812284

656 GordonOverkill the Trooper (level 7, -1/39 (61) HPs)
             Began as a Green Draconian Delver on Apr 23, 2024.
             Was a Follower of Ru.
             Slain by a wight
             ... wielding a +0 falchion
              (2 damage)
             ... on level 5 of the Dungeon.
             The game lasted 00:08:52 (4583 turns).

GordonOverkill the Trooper (Green Draconian Delver) Turns: 4583, Time: 00:08:52

HP:   -1/39 (61)    AC:  6    Str: 17    XL:     7   Next: 29%
MP:   7/7           EV: 11    Int: 10    God:    Ru [*.....]
Gold: 72            SH:  0    Dex: 12    Spells: 6/6 levels left

rFire   . . .        t - +0 hand axe (vamp)
rCold   . . .        (no shield)
rNeg    . . .        (body armour unavailable)
rPois   +            (helmet restricted)
rElec   .            (no cloak)
rCorr   .            (no gloves)
SInv    .            (no boots)
Will    .....        (no amulet)
Stlth   +++          (no ring)
HPRegen 0.26/turn    (no ring)
MPRegen 0.10/turn

%: no passive effects
@: hasted, very heavily drained, very quick
A: noxious breath, AC +6, unfitting armour, poison resistance, cold-blooded,
hated by all
a: Noxious Breath, Renounce Religion, Sacrifice Experience, Sacrifice an Eye,
Sacrifice Forms, Reject Sacrifices


You were on level 5 of the Dungeon.
You worshipped Ru.
Ru was aware of your devotion.
You visited 2 branches of the dungeon, and saw 7 of its levels.

You collected 184 gold pieces.
You spent 112 gold pieces at shops.

Inventory:

Hand Weapons
 a - a +0 short sword
 t - a +0 vampiric hand axe (weapon)
 x - a +0 war axe
Missiles
 n - 2 javelins (quivered)
Jewellery
 o - a ring of ice
Wands
 f - a wand of digging (3)
Scrolls
 b - 2 scrolls of fog
 c - a scroll of revelation
 d - 4 scrolls of fear
 g - a scroll of immolation
 j - a scroll of brand weapon {unknown}
 k - 4 scrolls of enchant armour {unknown}
 p - 4 scrolls of teleportation {unknown}
 r - a scroll of enchant weapon {unknown}
 u - a scroll of blinking {unknown}
 w - a scroll of vulnerability {unknown}
 y - a scroll of poison {unknown}
 z - a scroll of noise {unknown}
 A - a scroll of identify {unknown}
Potions
 h - 3 potions of curing
 i - a potion of magic {unknown}
 l - a potion of brilliance {unknown}
 q - a potion of berserk rage {unknown}
 v - a potion of attraction {unknown}
 B - a potion of might {unknown}


   Skills:
 - Level 5.0 Fighting
 - Level 2.0 Short Blades
 + Level 5.0 Axes
 - Level 2.0 Throwing
 - Level 3.0 Dodging
 - Level 4.5 Stealth
 - Level 3.0 Evocations


You had 6 spell levels left.
You didn't know any spells.
Your spell library contained the following spells:

 Spells                   Type           Power      Damage    Failure   Level
 Magic Dart               Conj           0%         1d3       36%         1
 Searing Ray              Conj           0%         2d4       50%         2
 Maxwell's Portable Pile  Tloc           0%         2d(5-13)  75%         3
 Fulminant Prism          Conj/Alch      0%         3d5       98%         4
 Magnavolt                Erth/Air       0%         3d9       100%        7
 Orb of Destruction       Conj           0%         9d5       100%        7
 Maxwell's Capacitive Co  Air            0%         ∞         100%        8
 Summon Blazeheart Golem  Fire/Summ      Unusable   N/A       N/A         4
 Spellforged Servitor     Conj/Summ      Unusable   N/A       N/A         7

Dungeon Overview and Level Annotations

Branches:
Dungeon (6/15)             Temple (1/1) D:5

Altars:
Elyvilon
Makhleb
Okawaru
Qazlal
Ru
Sif Muna
Uskayaw
Xom

Shops:
D:3 *[(

Annotations:
D:5 exclusion: ogre


Innate Abilities, Weirdness & Mutations

You can breathe blasts of noxious fumes.
Your lurid green scales are hard. (AC +6)
You cannot fit into any form of body armour.
Your system is resistant to poisons. (rPois)
You are cold-blooded and may be slowed by cold attacks.
You are hated by all.


Message History

You barely miss the wight.
You tail-slap the wight, but do no damage.
The wight is lightly damaged.
The wight hits you from afar with a +0 trident.
* * * LOW HITPOINT WARNING * * *
The wight hits you with a +0 falchion.
* * * LOW HITPOINT WARNING * * *
You feel drained.
* * * LOW HITPOINT WARNING * * *
You barely miss the wight.
The wight is lightly damaged.
The wight barely misses you. x2
You slash the wight! You tail-slap the wight.
The wight is almost destroyed.
The wight barely misses you. The wight hits you with a +0 falchion.
* * * LOW HITPOINT WARNING * * *
You feel drained.
You feel better.
The wight hits you from afar with a +0 trident.
* * * LOW HITPOINT WARNING * * *
You feel drained.
* * * LOW HITPOINT WARNING * * *
The wight hits you with a +0 falchion.
* * * LOW HITPOINT WARNING * * *
You barely miss the wight.
The wight is almost destroyed.
The wight hits you from afar with a +0 trident.
* * * LOW HITPOINT WARNING * * *
You feel drained.
* * * LOW HITPOINT WARNING * * *
The wight closely misses you.
You feel yourself speed up. The wight barely misses you.
The wight closely misses you. The wight attacks as it pursues you!
The wight hits you with a +0 falchion.
* * * LOW HITPOINT WARNING * * *
The wight attacks as it pursues you! The wight hits you with a +0 falchion!
* * * LOW HITPOINT WARNING * * *
You feel drained.
You die...
Ru respects your ultimate sacrifice.

##..## ##.........######
#.###.## ##. ####....###
##~ ##.###.# #.. ###..###
#~~ ⌠#..#### #.# ###..###
#~. ##..# #.# #....# #~.
....# ###.### #....# #~.
....# ###+### #....## #~.
....#####⌠.⌠#####÷....###
#~~
........'.>.z..z@.#.....#
##~
....#####⌠.⌠########....#
## ....# ###'### ##...# #
....# ###.### #...# #
....# #.# #...## ....####
#.# ##...# .......###.#
##..## .......z...#
#...## ......z#####
##...##


You could see 2 wights.

Vanquished Creatures
  A water moccasin (D:3)
  An ogre (D:4)
  A wight (Temple)
  3 hounds
  2 bombardier beetles (D:4)
  An orc priest (D:4)
  An iguana (D:5)
  Jessica (D:2)
  An orc wizard (D:5)
  Robin (D:2)
  6 adders
  2 dart slugs
  13 orcs
  6 endoplasms
  3 giant cockroaches
  14 goblins
  6 hobgoblins
  3 jackals (D:1)
  5 kobolds
  3 quokkas
  4 ball pythons
  6 bats
  4 frilled lizards
  5 rats
93 creatures vanquished.

Vanquished Creatures (others)
  A goblin (D:4)
1 creature vanquished.

Grand Total: 94 creatures vanquished

Notes
Turn   | Place    | Note
-------+----------+-------------------------------------------
     0 | D:5      | GordonOverkill the Draconian Delver began the quest for the
                  | Orb.
     0 | D:5      | Reached XP level 1. HP: 19/19 MP: 1/1
     1 | D:6      | Noticed an orc warrior
     1 | D:6      | Noticed an orc wizard
    34 | D:5      | Found a sacrificial altar of Ru.
    42 | D:5      | Became a worshipper of Ru the Awakened
    80 | D:5      | Noticed an ogre
   412 | D:2      | Reached XP level 2. HP: 26/27 MP: 2/2
   970 | D:1      | Reached XP level 3. HP: 33/33 MP: 3/3
  1081 | D:2      | Noticed Jessica
  1091 | D:2      | Killed Jessica
  1141 | D:2      | Gained mutation: You are hated by all. [Ru sacrifice]
  1141 | D:2      | Reached * piety under Ru
  1794 | D:3      | Found Dairphunuc's Weapon Shop.
  1893 | D:3      | Found Sopteschy's Antique Armour Boutique.
  1912 | D:3      | Reached XP level 4. HP: 41/41 MP: 4/4
  2134 | D:3      | Found Axaejuen's General Store.
  2140 | D:3      | Bought a potion of curing for 42 gold pieces
  2140 | D:3      | Bought a potion of heal wounds for 70 gold pieces
  2316 | D:3      | Noticed Robin
  2389 | D:2      | Killed Robin
  2390 | D:2      | Reached skill level 1 in Throwing
  2656 | D:3      | Noticed a water moccasin
  2666 | D:3      | Killed a water moccasin
  2667 | D:3      | Reached skill level 5 in Fighting
  2667 | D:3      | Reached XP level 5. HP: 36/48 MP: 5/5
  2910 | D:4      | Reached XP level 6. HP: 56/56 MP: 6/6
  3022 | D:4      | Found a stormy altar of Qazlal.
  3037 | D:4      | Reached skill level 1 in Axes
  4008 | D:5      | Your scales start taking on a lurid green colour.
  4008 | D:5      | Reached XP level 7. HP: 61/61 MP: 7/7
  4008 | D:5      | Gained mutation: Your system is resistant to poisons.
                  | (rPois) [Green Draconian growth]
  4195 | D:5      | Found a staircase to the Ecumenical Temple.
  4509 | Temple   | Entered the Ecumenical Temple
  4517 | Temple   | Reached skill level 5 in Axes
  4583 | D:5      | HP: 1/41 [wight/+0 falchion (7)]
  4583 | D:5      | Slain by a wight

Illustrated notes

Levels and vault maps discovered:
D:1:      lightli_molten_gateway, layout_basic, serial_forest,
          infiniplex_forest_straight_2, infiniplex_forest_straight_2,
          infiniplex_forest_clump_double, infiniplex_forest_end_1,
          infiniplex_forest_lined_room_, infiniplex_forest_straight_1,
          infiniplex_forest_lined_2, infiniplex_forest_corner_1,
          infiniplex_forest_straight_3, minmay_tromino_mix6
D:2:      layout_loops_corners, uniq_jessica
D:3:      layout_loops_corners, nicolae_hepliaklqana_hippocampus, serial_shops,
          shop_fountains, nicolae_diamond_shop, nicolae_shop_stone,
          minmay_misc_feat_rows, uniq_robin
D:4:      layout_loops_ring, nicolae_qazlal_scattered_showers
D:5:      layout_cave_pods, nicolae_ru_sacrificial_ziggurat, temple_doors_e,
          kennysheep_another_room, grunt_ministairs_8, uniq_prince_ribbit1
D:6:      layout_loops_ring, kennysheep_mini_moat, minmay_overflow_temple_hex,
          general_overflow_altar, gup_sewer_entry_bubbles
Temple:   hellmonk_temple_rainy

Skill      XL: |  1  2  3  4  5  6  7 |
---------------+----------------------+-----
Fighting       | 4 5 |  5.0
Dodging        | 2 3 |  3.0
Throwing       | 2 |  2.0
Evocations     | 2 3 |  3.0
Axes           | 4 5 |  5.0
Short Blades   | |  2.0
Stealth        | |  4.5

Action                     |  1- 3 |  4- 6 |  7- 9 || total
---------------------------+-------+-------+-------++-------
  Melee: Short sword       |   118 |   117 |       ||   235
         Tailslap          |    17 |    27 |     4 ||    48
         Hand axe          |       |    96 |    36 ||   132
 Invoke: Sacrifice Love    |     1 |       |       ||     1
  Evoke: Wand              |       |     7 |     1 ||     8
    Use: Scroll            |     1 |       |       ||     1
         Potion            |       |     1 |     3 ||     4
   Stab: Sleeping          |     9 |     4 |     1 ||    14
 Armour: Skin              |    63 |   114 |    40 ||   217
  Dodge: Dodged            |    64 |   131 |    34 ||   229

Table legend: (Time is in decaauts)
 A = Elapsed time spent in this place.
 B = Non-inter-level travel time spent in this place.
 C = Inter-level travel time spent in this place.
 D = Time resting spent in this place.
 E = Time spent auto-exploring this place.
 F = Levels seen in this place.
 G = Mean time per level.
                   A        B        C        D        E       F      G
               +--------+--------+--------+--------+--------+-----+--------+
         Total |   4580 |   4259 |    321 |    372 |   2746 |   7 |  654.3 |
       Dungeon |   4519 |   4198 |    321 |    329 |   2746 |   6 |  753.2 |
        Temple |     61 |     61 |      0 |     43 |      0 |   1 |   61.0 |
               +--------+--------+--------+--------+--------+-----+--------+

Top non-repeatable levels by time:
     D:3: 1163 daAuts
     D:2: 934 daAuts
     D:5: 922 daAuts
     D:4: 846 daAuts
     D:1: 649 daAuts
  Temple: 61 daAuts
     D:6: 2 daAuts
